 Dungeon Crawl Stone Soup version 0.26-a0-639-g72c4674329 (webtiles) character file.

Game seed: 6644339124370200975

3170 Borgoz the Skirmisher (level 9, 0/57 HPs)
             Began as a Gargoyle Berserker on Sept 19, 2020.
             Was an Elder of Trog.
             Slain by a komodo dragon (7 damage)
             ... on level 8 of the Dungeon.
             The game lasted 00:07:56 (6295 turns).

Borgoz the Skirmisher (Gargoyle Berserker)          Turns: 6295, Time: 00:07:57

Health: 0/57       AC: 20    Str: 20    XL:     9   Next: 94%
Magic:  9/9        EV:  8    Int:  9    God:    Trog [****..]
Gold:   367        SH:  0    Dex: 12    Spells: 8/8 levels left

rFire    . . .     SeeInvis .   j - +4 flail (drain)
rCold    . . .     Faith    .   (no shield)
rNeg     + . .     Spirit   .   k - +0 plate armour
rPois    ∞         Reflect  .   (no helmet)
rElec    +         Harm     .   q - scarf {+Inv}
rCorr    .         Rampage  .   a - +0 pair of gloves
MR       .....                  (no boots)
Stlth    ..........             (no amulet)
HPRegen  0.19/turn              (no ring)
MPRegen  0.11/turn              (no ring)

@: slowed, very slow
A: negative energy resistance 1, electricity resistance, unbreathing,
petrification resistance, rot immunity, AC +6
a: Berserk, Trog's Hand, Brothers in Arms, Renounce Religion, Evoke Invisibility


You were on level 8 of the Dungeon.
You worshipped Trog.
Trog was greatly pleased with you.
You visited 1 branch of the dungeon, and saw 8 of its levels.

You collected 432 gold pieces.
You spent 65 gold pieces at shops.

Inventory:

Hand Weapons
 j - a +4 flail of draining (weapon)
Armour
 a - a +0 pair of gloves (worn)
 k - a +0 plate armour (worn)
 q - a scarf of invisibility (worn)
Wands
 h - a wand of iceblast (5)
 i - a wand of digging (7)
Scrolls
 b - 4 scrolls of remove curse
 d - 2 scrolls of enchant armour {unknown}
 g - a scroll of random uselessness {unknown}
 m - 3 scrolls of teleportation {unknown}
 p - a scroll of fog
 s - 5 scrolls of enchant weapon
 t - a scroll of blinking
Potions
 c - a potion of haste
 e - a potion of heal wounds
 f - 2 potions of might
 l - a potion of curing
 n - a potion of cancellation {unknown}


   Skills:
 * Level 7.5 Fighting
 * Level 6.9 Maces & Flails
 * Level 7.1 Armour
 * Level 5.3 Dodging
 + Level 4.4 Stealth
 + Level 3.3 Evocations


You had 8 spell levels left.
You didn't know any spells.
Your spell library was empty.

Dungeon Overview and Level Annotations

Branches:
Dungeon (8/15)             Temple (0/1) D:7            Lair (0/6) D:8

Altars:
Wu Jian

Shops:
D:7 !

Annotations:
D:3 3 runed translucent doors, jt's ghost, novice OpSu
D:7 2 runed translucent doors
D:8 Erica


Innate Abilities, Weirdness & Mutations

You are resistant to torment.
Your stone body is resilient. (AC +6)
You are immune to poison.
You resist negative energy. (rN+)
You are resistant to electric shocks. (rElec)
You can survive without breathing.
You are immune to petrification.
You are immune to rotting.


Message History

The komodo dragon is lightly wounded.
The komodo dragon bites you but does no damage.
Something hits you but does no damage.
You hit the komodo dragon but do no damage.
The komodo dragon bites you!!
You hear some strange, mumbled words.
You feel yourself slow down. The komodo dragon barely misses you.
You hit the komodo dragon. You drain the komodo dragon.
The komodo dragon is moderately wounded.
Something hits you but does no damage.
The komodo dragon bites you but does no damage.
You sock the komodo dragon! You drain the komodo dragon.
The komodo dragon is heavily wounded.
You hear some strange, mumbled words.
A lance of force appears from out of thin air!
The lance of force hits you!!
* * * LOW HITPOINT WARNING * * *
You are knocked back by the lance of force.
The komodo dragon bites you!
You die...

#.## #.# ##...## #.#
##...PP###.#
####....PPP##.######
##.##.{..PPP##......#
#####....!.PPPPP##<####.#
#......<....P.PP##<## #.#
#.####../.lP..PP#...###.#
#.# ##.#?.@P...P#....##.###
#.###.#...PP.>.P#..........
#.##.####..P...P##......###
#.###.#.#.PPPPPP##.######
#.# #..###PPPPP###.#
#>###|############'##
#........[.## ##...##
#####.####..####.....##
#†##......#)......# #


You could see a komodo dragon (drained).

Vanquished Creatures
  A skeletal warrior (D:7)
  Psyche (D:8)
  A hippogriff (D:7)
  Edmund (D:4)
  An ice beast (D:5)
  2 sky beasts
  4 ogres
  A centaur (D:5)
  A crocodile (D:7)
  A big kobold (D:7)
  2 bullfrogs
  5 scorpions
  4 hounds
  4 orc priests
  A jelly (D:7)
  A centaur skeleton (D:4)
  Jessica (D:2)
  An iguana (D:4)
  Terence (D:2)
  4 orc wizards
  2 worker ants (D:7)
  2 hound skeletons
  2 worker ant zombies
  A howler monkey skeleton (D:7)
  4 gnolls (D:7)
  5 adders
  A white imp (D:6)
  An ufetubus (D:8)
  2 oozes
  An adder zombie (D:5)
  2 worms
  2 dart slugs
  6 leopard geckos
  21 orcs
  3 giant cockroaches
  6 goblins
  6 hobgoblins
  11 jackals
  10 kobolds
  A quokka (D:7)
  A ball python (D:3)
  A ball python skeleton (D:4)
  5 bats
  3 frilled lizards
  A jackal zombie (D:5)
  A leopard gecko zombie (D:5)
  A quokka skeleton (D:7)
  5 rats
145 creatures vanquished.

Vanquished Creatures (others)
  An orc wizard (D:5)
  3 plants (D:8)
4 creatures vanquished.

Grand Total: 149 creatures vanquished

Notes
Turn   | Place    | Note
-------+----------+-------------------------------------------
     0 | D:1      | Borgoz the Gargoyle Berserker began the quest for the Orb.
     0 | D:1      | Reached XP level 1. HP: 14/14 MP: 1/1
   123 | D:1      | Reached XP level 2. HP: 19/19 MP: 2/2
   842 | D:2      | Reached XP level 3. HP: 20/24 MP: 3/3
   928 | D:2      | Noticed Jessica
   937 | D:2      | Killed Jessica
   937 | D:2      | Reached XP level 4. HP: 29/29 MP: 4/4
  1146 | D:2      | Noticed Terence
  1164 | D:2      | Killed Terence
  1515 | D:2      | Reached ** piety under Trog
  1515 | D:2      | Reached XP level 5. HP: 29/33 MP: 5/5
  2163 | D:3      | Found a runed translucent gate.
  2164 | D:3      | Found a runed translucent gate.
  2164 | D:3      | Found a runed translucent gate.
  2164 | D:3      | Noticed jt's ghost (novice OpSu)
  2648 | D:4      | Reached XP level 6. HP: 39/39 MP: 6/6
  2661 | D:4      | Reached skill level 1 in Stealth
  2805 | D:4      | Reached skill level 1 in Evocations
  2825 | D:4      | Reached XP level 7. HP: 40/44 MP: 7/7
  2941 | D:4      | Noticed Edmund
  2960 | D:4      | Killed Edmund
  2960 | D:4      | Reached skill level 5 in Fighting
  3277 | D:5      | Entered Level 5 of the Dungeon
  3576 | D:5      | Reached skill level 5 in Maces & Flails
  3576 | D:5      | Reached XP level 8. HP: 50/50 MP: 8/8
  3775 | D:5      | Reached skill level 5 in Armour
  3783 | D:5      | Reached *** piety under Trog
  5101 | D:7      | Found a staircase to the Ecumenical Temple.
  5475 | D:7      | Reached XP level 9. HP: 56/56 MP: 9/9
  5488 | D:7      | Found Hanaoth's Distillery.
  5493 | D:7      | Bought a potion of heal wounds for 65 gold pieces
  5555 | D:7      | Noticed a skeletal warrior
  5602 | D:7      | Killed a skeletal warrior
  5771 | D:7      | Found a runed translucent door.
  5772 | D:7      | Found a runed translucent door.
  5772 | D:7      | Noticed a skeletal warrior
  5825 | D:7      | Reached **** piety under Trog
  5843 | D:7      | Reached skill level 5 in Dodging
  6066 | D:7      | You fall into a shaft and drop 1 floor!
  6066 | D:8      | Found an ornate altar of the Wu Jian Council.
  6121 | D:8      | Noticed Psyche
  6135 | D:8      | Killed Psyche
  6279 | D:8      | Found a staircase to the Lair.
  6280 | D:8      | Noticed a komodo dragon
  6280 | D:8      | Noticed Erica
  6295 | D:8      | Slain by a komodo dragon

Illustrated notes

Levels and vault maps discovered:
D:1:      dpeg_arrival_shelter, layout_loops_cross
D:2:      layout_basic, uniq_terence, uniq_jessica
D:3:      layout_rooms, gammafunk_ghost_split
D:4:      layout_cave_pools, uniq_edmund
D:5:      layout_loops_ring
D:6:      layout_basic
D:7:      minmay_the_grid_triangle_9x9_rhombus_thin
          [minmay_the_grid_triangle_9x9_checkered,
          minmay_the_grid_triangle_9x9_prize_top_heavy,
          minmay_the_grid_triangle_9x9_warning,
          minmay_the_grid_triangle_9x9_tough_junction], layout_cave_pods,
          minmay_temple_entry_from_below_a, serial_shops, nicolae_shop_trees
D:8:      minmay_angry_zag, layout_loops_corners,
          nicolae_gozag_cash_rules_everything_around_me, david_lair_shrubbed,
          basic_altar, uniq_harold, uniq_erica, uniq_psyche, uniq_maurice

Skill      XL: |  1  2  3  4  5  6  7  8  9 |
---------------+----------------------------+-----
Dodging        | 2 3 4 5 |  5.3
Armour         | 3 4 5 7 |  7.1
Fighting       | 4 5 6 7 |  7.5
Maces & Flails | 4 5 6 |  6.9
Stealth        | 1 2 3 4 |  4.4
Evocations     | 1 2 3 |  3.3

Action                   |  1- 3 |  4- 6 |  7- 9 || total
-------------------------+-------+-------+-------++-------
Melee: Mace              |    68 |    32 |       ||   100
       Flail             |       |   138 |   327 ||   465
Invok: Berserk           |     1 |     2 |     2 ||     5
       Trog's Hand       |       |     1 |     1 ||     2
  Use: Potion            |       |     7 |     2 ||     9
       Scroll            |       |       |     6 ||     6
 Stab: Invisible         |       |       |     2 ||     2
Armor: Animal skin       |     3 |       |       ||     3
       Ring mail         |    27 |   115 |    65 ||   207
       Skin              |       |    69 |       ||    69
       Plate armour      |       |       |   204 ||   204
       Scale mail        |       |       |     1 ||     1
Dodge: Dodged            |    78 |   146 |   175 ||   399

Table legend: (Time is in decaauts)
 A = Elapsed time spent in this place.
 B = Non-inter-level travel time spent in this place.
 C = Inter-level travel time spent in this place.
 D = Time resting spent in this place.
 E = Time spent auto-exploring this place.
 F = Levels seen in this place.
 G = Mean time per level.
                   A        B        C        D        E       F      G
               +--------+--------+--------+--------+--------+-----+--------+
         Total |   6383 |   6074 |    309 |    306 |   4569 |   8 |  797.9 |
       Dungeon |   6383 |   6074 |    309 |    306 |   4569 |   8 |  797.9 |
               +--------+--------+--------+--------+--------+-----+--------+

Top non-repeatable levels by time:
     D:2: 1276 daAuts
     D:7: 1261 daAuts
     D:5: 921 daAuts
     D:1: 842 daAuts
     D:4: 798 daAuts
     D:6: 642 daAuts
     D:3: 419 daAuts
     D:8: 221 daAuts
